Map: Ascension to Aiur LE

Players

INnoVation - Winner!

  • Race: Terran Terran
  • Spawn Location: 11:00

Maru

  • Race: Terran Terran
  • League: Diamond
  • Spawn Location: 5:00

VOD

Have the link to the VOD?

Description

Time

  • Played on: July 28, 2017, 12:38 a.m.
  • Length: 21:07
Show
View Real Time Build Order
Export as new Build Order

INnoVation Terran - Winner!

Build Orders: 1/1/1, Cyclone Opening, Bio Tank 

Get SALT Encoding   

  12  0:00  SCV  
  13  0:12  SCV  
  14  0:16  Supply Depot  
  14  0:24  SCV  
  14  0:28  Refinery  
  15  0:38  SCV  
  16  0:44  Barracks  
  16  0:50  SCV  
  16  0:55  Refinery  
  17  1:02  SCV  
  18  1:14  SCV  
  19  1:30  Orbital Command  
  19  1:31  Factory  
  19  1:34  Reaper  
  20  1:44  Supply Depot  
  20  1:56  SCV  
  21  2:06  Reaper  
  22  2:10  SCV  
  22  2:14  Cyclone  
  26  2:18  Starport  
  26  2:22  SCV  
  27  2:31  Supply Depot  
  27  2:34  SCV  
  28  2:38  Barracks Tech Lab  
  28  2:46  SCV  
  28  2:47  Hellion  
  31  3:01  Raven  
  33  3:09  Command Center  
  33  3:12  Barracks Reactor  
  33  3:14  SCV  
  34  3:21  Supply Depot  
  34  3:26  SCV  
  35  3:30  Cyclone  
  38  3:39  SCV  
  39  3:44  Viking  
  39  3:45  Supply Depot  
  41  3:51  SCV, Marine  
  41  3:52  Marine  
  44  4:02  Bunker  
  44  4:06  SCV  
  45  4:11  Marine x2  
  47  4:18  Raven  
  47  4:22  Orbital Command  
  47  4:23  SCV  
  50  4:29  Marine x2  
  52  4:36  Factory Tech Lab  
  52  4:42  SCV  
  52  4:47  Marine x2  
  52  4:52  SCV  
  55  4:54  SCV  
  55  4:55  Siege Tank  
  59  5:04  SCV  
  59  5:06  SCV  
  61  5:14  Command Center  
  61  5:16  SCV  
  61  5:18  SCV, Marine, Stimpack  
  61  5:20  Starport Reactor, Barracks  
  64  5:24  Barracks  
  64  5:28  SCV  
  63  5:30  SCV  
  64  5:40  SCV, Refinery  
  64  5:41  Starport Reactor, Refinery  
  64  5:42  SCV  
  69  5:44  Marine  
  67  5:50  Supply Depot  
  67  5:51  Engineering Bay x2  
  67  5:52  SCV  
  67  5:54  SCV  
  69  6:04  SCV  
  70  6:11  SCV, Marine x2  
  70  6:14  Supply Depot  
  71  6:20  SCV, Terran Infantry Weapons Level 1, Terran Infantry Armor Level 1  
  71  6:23  SCV  
  71  6:24  Starport Reactor  
  70  6:27  Orbital Command, Marine x2  
  70  6:28  Siege Tank  
  70  6:29  Marine  
  70  6:31  Marine  
  70  6:32  Marine  
  78  6:33  SCV  
  78  6:36  SCV  
  78  6:39  Supply Depot  
  80  6:45  SCV, Marine x2  
  80  6:46  Marine  
  84  6:48  SCV, Marine  
  84  6:49  Marine  
  84  6:50  Supply Depot  
  84  6:51  Orbital Command  
  87  6:58  SCV  
  87  7:00  SCV, Medivac x2  
  87  7:01  Siege Tank  
  96  7:03  Marine  
  96  7:05  Marine x2  
  96  7:06  Marine  
  96  7:07  Marine  
  101  7:10  SCV  
  101  7:12  SCV  
  100  7:17  SCV  
  100  7:20  Marine  
  100  7:21  Barracks  
  101  7:23  Barracks  
  101  7:24  Armory  
  101  7:27  Combat Shields  
  101  7:30  SCV x3  
  101  7:32  Medivac x2  
  105  7:37  Siege Tank  
  105  7:41  Marine  
  105  7:42  Marine x4  
  113  7:47  SCV x3  
  116  7:52  Supply Depot  
  116  7:53  Supply Depot  
  111  8:00  Marine x5  
  99  8:07  SCV x2  
  99  8:11  SCV, Refinery x2, Siege Tank  
  99  8:12  Barracks Reactor, Sensor Tower  
  103  8:20  Barracks Reactor  
  103  8:22  Marine x5  
  103  8:23  Missile Turret x2  
  108  8:28  Liberator x2  
  108  8:39  Marine  
  108  8:40  Marine x4  
  111  8:43  SCV x2, Orbital Command  
  119  8:50  Marine  
  117  9:04  Siege Tank, Marine x4  
  117  9:18  Terran Infantry Weapons Level 2  
  117  9:27  Sensor Tower  
  117  9:32  Refinery  
  117  9:35  Supply Depot  
  117  9:44  Supply Depot  
  117  9:45  Siege Tank, Marine x9  
  129  9:47  Terran Infantry Armor Level 2  
  129  9:52  SCV  
  129  9:53  SCV x2  
  129  9:56  Missile Turret x2  
  131  10:02  Marine x3  
  131  10:03  Marine  
  131  10:04  Marine x5  
  140  10:12  Medivac x2  
  144  10:20  Marine x3  
  144  10:21  Siege Tank, Marine x2  
  149  10:31  Supply Depot  
  149  10:32  Supply Depot  
  149  10:35  Terran Vehicle Weapons Level 1  
  149  10:38  Marine x7  
  149  10:39  Marine  
  157  10:43  Factory  
  157  10:49  Barracks Reactor  
  157  10:56  Siege Tank, Marine x7  
  164  10:57  Marine  
  164  11:01  Command Center  
  162  11:07  Viking  
  162  11:09  Viking  
  163  11:14  Marine x6  
  169  11:22  Marine x2  
  171  11:32  Marine x2  
  169  11:36  Viking  
  169  11:37  Marine x3  
  169  11:39  Marine, Viking  
  177  11:50  Terran Infantry Weapons Level 3  
  177  12:07  Terran Infantry Armor Level 3  
  174  12:11  Siege Tank x2  
  174  12:12  Viking x2  
  174  12:14  Supply Depot  
  174  12:15  Supply Depot  
  181  12:16  Marine x3  
  181  12:17  Marine  
  182  12:30  Marine x6  
  182  12:33  Marine  
  151  12:38  Marine x3  
  151  12:43  Siege Tank x2, Viking  
  160  12:48  Marine x2, Viking  
  160  12:50  Marine  
  160  12:51  Marine x2  
  162  13:05  Marine  
  162  13:06  Marine x3  
  162  13:10  Liberator  
  162  13:11  Liberator  
  161  13:14  Marine  
  161  13:17  Marine x3  
  165  13:23  Marine  
  166  13:27  Orbital Command  
  166  13:28  Sensor Tower  
  166  13:33  Siege Tank  
  175  13:35  Siege Tank  
  175  13:36  Marine  
  175  13:37  Marine  
  175  13:39  Marine  
  175  13:41  Marine  
  181  13:44  Marine  
  183  13:53  Marine x5  
  187  14:05  Marine  
  187  14:08  Supply Depot, Marine  
  189  14:28  Marine  
  189  14:29  Marine x3  
  189  14:30  Siege Tank x2  
  196  14:34  Marine  
  197  14:44  Marine  
  196  14:45  Command Center  
  196  14:47  Marine  
  197  14:55  Missile Turret  
  197  14:59  Marine  
  197  15:00  Missile Turret, Marine x3  
  197  15:02  Command Center  
  197  15:36  Marine  
  197  15:37  Marine x4  
  197  15:38  Marine x3  
  197  15:39  Medivac  
  197  15:40  Medivac, Siege Tank  
  197  15:41  Siege Tank  
  186  15:47  Marine x2  
  164  15:54  Marine x2  
  164  15:55  Marine x4  
  164  15:56  Marine  
  167  16:08  Marine x3  
  170  16:12  Siege Tank, Marine x3, Viking x2  
  170  16:13  Siege Tank, Marine x4  
  181  16:26  Marine x3  
  181  16:29  Marine  
  181  16:30  Marine x3  
  186  16:34  Barracks x2  
  186  16:39  Marine  
  165  16:40  Marine x2  
  165  16:44  Siege Tank, Marine x3  
  165  16:46  Siege Tank  
  159  16:47  Marine  
  159  16:48  Marine x2, Viking x2  
  159  16:52  Marine  
  167  16:57  Marine x3  
  169  17:02  Marine x3  
  169  17:05  Marine  
  169  17:06  Marine x2  
  169  17:07  Planetary Fortress  
  173  17:10  Marine  
  173  17:15  Liberator x2, Marine x2  
  175  17:21  Siege Tank x2  
  175  17:22  Marine x4  
  181  17:23  Marine  
  181  17:24  Marine x2  
  181  17:28  Marine  
  185  17:33  Marine x2  
  187  17:39  Barracks Reactor x2  
  187  17:40  Marine x3  
  188  17:53  Siege Tank x2  
  188  17:56  Marine x6  
  188  17:58  Liberator x2  
  168  18:07  Marine  
  168  18:08  Marine x3  
  164  18:14  Marine x4  
  164  18:17  Marine x6  
  180  18:25  Marine  
  180  18:26  Marine x3  
  184  18:31  Siege Tank  
  184  18:32  Siege Tank, Marine x4  
  194  18:35  Marine x6  
  198  18:49  Orbital Command  
  198  18:50  Marine  
  198  18:51  Marine x4  
  198  18:52  Marine x2  
  198  18:53  Marine  
  190  18:58  Marine  
  190  18:59  Marine x2  
  188  19:05  Marine x3  
  188  19:08  Marine x5  
  188  19:09  Marine x2  
  195  19:11  Marine  
  198  19:17  Marine  
  198  19:18  Marine  
  198  19:21  Marine  
  198  19:23  Marine x2  
  200  19:26  Marine x2  
  183  19:41  Medivac x2  
  183  19:42  Marine x11  
  183  19:44  Marine x2  
  200  19:47  Marine  
  188  20:00  Marine x11  
  188  20:02  Marine x2  
  188  20:05  Marine  
  193  20:11  Medivac x2  
  197  20:14  Siege Tank  
  200  20:32  Command Center  
  200  20:44  Marine  
Show
View Real Time Build Order
Export as new Build Order

Maru Terran 

Build Orders: Cyclone Opening, Reaper Expand, Bio Tank 

Get SALT Encoding   

  12  0:00  SCV  
  13  0:12  SCV  
  14  0:16  Supply Depot  
  14  0:24  SCV  
  14  0:27  Refinery  
  15  0:38  SCV  
  16  0:44  Barracks  
  16  0:50  SCV  
  17  1:02  SCV  
  18  1:14  SCV  
  19  1:30  Orbital Command  
  19  1:31  Reaper  
  20  1:47  Command Center  
  20  1:57  Factory  
  20  2:00  SCV  
  21  2:05  Refinery  
  21  2:08  Barracks Reactor  
  21  2:12  SCV  
  22  2:19  Supply Depot  
  22  2:25  SCV  
  23  2:41  SCV, Cyclone  
  27  2:45  Marine x2  
  29  2:53  SCV  
  29  2:58  Starport  
  30  3:02  Orbital Command  
  30  3:05  Marine  
  30  3:09  Marine  
  30  3:12  SCV  
  33  3:21  Cyclone  
  33  3:24  SCV  
  33  3:26  Marine  
  37  3:28  SCV  
  37  3:30  Marine  
  39  3:37  Medivac  
  39  3:39  SCV  
  42  3:41  SCV  
  42  3:44  Marine  
  42  3:45  Supply Depot  
  44  3:54  Marine  
  45  3:57  SCV  
  46  4:06  SCV, Cyclone  
  46  4:07  Supply Depot  
  46  4:09  SCV, Starport Tech Lab  
  51  4:14  Marine x2  
  53  4:20  SCV  
  54  4:28  SCV  
  53  4:32  SCV  
  50  4:40  SCV  
  50  4:45  Factory Reactor  
  50  4:46  Starport Reactor, Factory Tech Lab  
  50  4:50  SCV  
  50  4:51  Barracks  
  50  4:52  SCV  
  52  4:54  Barracks  
  52  4:56  Engineering Bay  
  52  5:02  SCV  
  52  5:04  SCV  
  52  5:06  Marine  
  55  5:09  Siege Tank, Stimpack  
  55  5:12  Refinery  
  58  5:15  SCV  
  58  5:16  SCV  
  60  5:22  Supply Depot  
  60  5:27  SCV  
  61  5:28  SCV  
  61  5:31  Starport Reactor  
  62  5:44  SCV x2  
  62  5:45  Supply Depot x2, Terran Infantry Weapons Level 1  
  62  5:47  Marine x5  
  69  5:56  SCV  
  70  6:02  Supply Depot  
  70  6:03  Supply Depot  
  70  6:06  SCV, Marine, Siege Tank  
  70  6:07  Refinery  
  70  6:08  SCV  
  76  6:17  Medivac  
  78  6:19  Marine x2  
  78  6:21  SCV  
  78  6:25  SCV  
  76  6:31  Missile Turret  
  76  6:32  Marine x3  
  79  6:33  SCV, Missile Turret  
  79  6:34  Medivac  
  79  6:37  SCV, Marine x2  
  85  6:41  Siege Tank  
  85  6:45  SCV  
  89  6:49  SCV, Marine  
  89  6:56  Marine  
  89  6:57  SCV  
  91  7:01  SCV  
  91  7:02  Command Center  
  92  7:09  Marine, Combat Shields  
  92  7:10  Supply Depot, Marine x3  
  92  7:14  Marine  
  92  7:15  Medivac  
  99  7:16  Medivac  
  101  7:26  Supply Depot  
  101  7:27  Marine  
  99  7:30  SCV, Marine x2  
  102  7:37  Siege Tank  
  102  7:39  Terran Infantry Armor Level 1  
  102  7:41  Supply Depot  
  102  7:43  SCV x2  
  107  7:49  Marine x2  
  109  7:57  Marine x2  
  98  7:59  Marine  
  98  8:01  SCV x2  
  82  8:06  Marine  
  82  8:07  Marine  
  84  8:13  SCV x2  
  84  8:15  Marine x2  
  84  8:16  Marine  
  89  8:24  Marine x2, Barracks  
  89  8:25  SCV, Barracks  
  92  8:28  Orbital Command  
  92  8:33  Marine x2  
  94  8:34  Marine  
  94  8:36  Siege Tank  
  94  8:37  Medivac x2  
  102  8:45  SCV, Marine x2  
  102  8:46  SCV  
  106  8:51  Marine x2  
  106  8:52  Engineering Bay, Marine, Armory  
  107  9:04  Marine x2  
  107  9:09  Siege Tank, Marine x2  
  107  9:10  Marine  
  107  9:15  SCV  
  107  9:16  SCV x2  
  111  9:18  Barracks Reactor  
  111  9:19  Barracks Reactor  
  111  9:22  Marine x2, Refinery x2  
  113  9:26  Marine x2  
  113  9:27  SCV  
  113  9:28  SCV x2, Marine  
  119  9:39  SCV  
  119  9:40  Marine x2  
  119  9:41  Medivac x2, Siege Tank  
  119  9:42  SCV x2  
  119  9:44  Marine x2  
  123  9:45  Marine  
  123  9:51  SCV  
  125  9:53  Terran Infantry Weapons Level 2  
  125  9:54  SCV  
  125  9:56  Marine x4  
  125  9:58  Marine x2  
  132  10:02  Supply Depot  
  132  10:04  Marine x2  
  132  10:07  Terran Infantry Armor Level 2  
  134  10:17  Marine x7  
  134  10:19  Siege Tank  
  141  10:23  Supply Depot, Marine  
  141  10:25  Supply Depot  
  142  10:38  Medivac x2  
  142  10:39  Marine  
  142  10:40  Supply Depot, Marine x2  
  149  10:44  Marine x5  
  153  10:56  Marine  
  154  11:02  Marine x6  
  154  11:03  Siege Tank  
  163  11:05  Command Center  
  163  11:11  Supply Depot  
  163  11:20  Medivac x2  
  163  11:23  Supply Depot, Marine x2  
  168  11:26  Marine x3  
  168  11:29  Marine x4  
  172  11:35  Siege Tank  
  175  11:41  Marine x2  
  175  11:46  Marine x2  
  179  11:47  SCV x3  
  179  11:50  Factory  
  182  11:59  Sensor Tower  
  172  12:10  Terran Infantry Weapons Level 3  
  172  12:13  Marine x5  
  172  12:14  Marine x2  
  179  12:22  Planetary Fortress  
  179  12:24  Siege Tank  
  179  12:27  Sensor Tower  
  177  12:33  Marine  
  177  12:37  Marine x5  
  158  12:43  Medivac x2, Marine x3  
  170  12:51  Marine  
  170  12:54  Marine  
  170  12:55  Marine x2  
  170  12:58  Barracks  
  165  13:00  Barracks  
  165  13:01  Barracks  
  165  13:02  Marine x2  
  165  13:12  Marine  
  156  13:19  Marine x6  
  150  13:20  Marine x2  
  150  13:22  Siege Tank, Medivac x2  
  150  13:24  Factory Tech Lab  
  157  13:30  Marine  
  158  13:36  Marine x2  
  158  13:37  Marine x2  
  160  13:46  Siege Tank  
  160  13:47  Marine x2  
  160  13:48  Marine x5  
  163  13:52  Viking x2  
  163  13:54  Siege Tank  
  170  13:56  Marine  
  170  13:57  Marine x4  
  175  14:05  Marine  
  175  14:07  Marine x6  
  180  14:18  Siege Tank  
  180  14:20  Marine x5  
  180  14:22  Medivac x2  
  180  14:23  Marine  
  193  14:25  Marine x4  
  193  14:29  Barracks Reactor  
  197  14:48  Barracks Reactor x2, Marine x4  
  197  14:49  Marine x2  
  197  15:09  Marine  
  197  15:10  Marine x2  
  200  15:20  Command Center, Marine x8  
  198  15:23  Marine  
  198  15:24  Marine  
  198  15:25  Command Center  
  200  15:37  Marine  
  200  15:41  Marine  
  200  15:42  Marine x11  
  172  15:43  Marine  
  172  15:44  Siege Tank x2, Medivac x2  
  172  15:45  Marine  
  178  15:55  Marine  
  179  15:59  Marine  
  179  16:00  Marine x6  
  184  16:09  Marine  
  184  16:10  Marine x3  
  180  16:13  Marine  
  180  16:16  Siege Tank  
  173  16:21  Siege Tank, Marine  
  173  16:22  Marine x9  
  180  16:27  Marine  
  176  16:35  Marine x2  
  176  16:36  Marine  
  176  16:38  Marine  
  139  16:44  Marine x3  
  139  16:46  Medivac x2  
  133  16:47  Marine  
  133  16:48  Siege Tank  
  133  16:53  Siege Tank  
  140  16:56  Marine x2  
  141  17:02  Marine x8  
  141  17:05  Marine  
  141  17:06  Marine  
  150  17:20  Siege Tank, Marine  
  150  17:22  Marine x2  
  156  17:25  Marine x2  
  156  17:26  Siege Tank  
  155  17:30  Marine  
  155  17:31  Marine x2  
  155  17:34  Marine x7  
  155  17:35  Medivac  
  155  17:36  Medivac  
  158  17:38  Marine  
  158  17:39  Marine  
  158  17:43  Marine x3  
  163  17:48  Marine x3  
  166  17:52  Marine x2  
  166  17:56  Marine x6  
  166  17:57  Siege Tank, Marine  
  175  18:01  Marine x2  
  169  18:10  Marine x4  
  156  18:13  Planetary Fortress  
  156  18:14  Marine x6  
  156  18:15  Siege Tank  
  156  18:16  Marine  
  164  18:23  Marine x4  
  168  18:27  Marine  
  168  18:28  Marine x3  
  168  18:29  Siege Tank  
  168  18:32  Marine x2  
  175  18:35  Marine  
  175  18:37  Marine x4  
  175  18:41  Marine  
  181  18:46  Marine x5  
  181  18:48  Liberator  
  179  18:51  Siege Tank  
  179  18:55  Marine  
  144  19:03  Medivac  
  144  19:06  Marine  
  146  19:14  Marine x2  
  146  19:16  Liberator  
  145  19:18  Marine x5  
  147  19:33  Marine x2  
  145  19:42  Marine x9  
  145  19:48  Medivac  
  123  20:06  Marine  
  123  20:07  Orbital Command, Marine x13  
  112  20:16  Medivac, Marine, Siege Tank  
  118  20:24  Marine x6  
  118  20:27  Marine  
  125  20:35  Marine  
  125  20:38  Marine  
  125  20:42  Marine  
Tags
 
Add a new tag
Caveats
  • Supply blocks, unpowered buildings, or Contaminate may cause inaccurate times.
  • Supply counts are checked every 10 seconds.